 Dungeon Crawl Stone Soup version 0.19-a0-291-ga637243 (webtiles) character file.

4748 namelastname112 the Destroyer (level 10, 0/58 HPs)
             Began as a Deep Elf Wizard on May 28, 2016.
             Was a Priest of Sif Muna.
             Killed by divine providence
             ... invoked by an orc priest
              (15 damage)
             ... on level 9 of the Dungeon.
             The game lasted 00:24:48 (11876 turns).

namelastname112 the Destroyer (Deep Elf Wizard)    Turns: 11876, Time: 00:24:49

Health: 0/58       AC:  6    Str:  4    XL:     10   Next: 23%
Magic:  19/25      EV: 11    Int: 27    God:    Sif Muna [***...]
Gold:   431        SH:  0    Dex: 13    Spells: 5 memorised, 16 levels left

rFire  . . .     SeeInvis .     b - staff of energy
rCold  . . .     Gourm    .     g - +0 robe
rNeg   . . .     Faith    .     (no shield)
rPois  +         Spirit   .     j - +0 hat
rElec  .         Dismiss  .     (no cloak)
rCorr  +         Reflect  .     D - +2 pair of gloves
SustAt +         Harm     .     E - +0 pair of boots
MR     +....                    k - amulet of regeneration
Stlth  ++........               B - ring of sustain attributes
                                r - ring of resist corrosion

@: repel missiles, drained, somewhat resistant to hostile enchantments,
unstealthy
A: poison resistance
a: Channel Energy, Renounce Religion


You were on level 9 of the Dungeon.
You worshipped Sif Muna.
Sif Muna was most pleased with you.
You were not hungry.

You visited 1 branch of the dungeon, and saw 9 of its levels.

You collected 431 gold pieces.

Inventory:

Hand Weapons
 a - a +3 trident
Armour
 g - a +0 robe (worn)
 j - a +0 hat (worn)
 D - a +2 pair of gloves (worn)
 E - a +0 pair of boots (worn)
Magical Staves
 b - an uncursed staff of energy (weapon)
Jewellery
 k - an amulet of regeneration (around neck)
 r - a ring of resist corrosion (left hand)
 z - an uncursed ring of ice
 B - a ring of sustain attributes (right hand)
Wands
 n - a wand of flame (41/48)
Scrolls
 e - 2 scrolls of identify
 f - 9 scrolls of remove curse
 l - a scroll of recharging
 w - a scroll of fog
 y - 2 scrolls of noise
Potions
 h - a potion of invisibility
 m - 4 potions of curing
 p - a potion of cure mutation
 s - a potion of resistance
 t - a potion of magic
 u - a potion of heal wounds
 v - a potion of agility
 H - a potion of lignification
 I - a potion of brilliance
Books
 c - a book of Minor Magic

   Spells                             Type                      Level
   a - Magic Dart                     Conjuration                  1
   b - Blink                          Translocation                2
   c - Call Imp                       Summoning                    2
   d - Repel Missiles                 Charms/Air                   2
   e - Slow                           Hexes                        2
   f - Conjure Flame                  Conjuration/Fire             3
   g - Mephitic Cloud                 Conjuration/Poison/Air       3
 x - a book of Maledictions

   Spells                             Type                      Level
   a - Corona                         Hexes                        1
   b - Ensorcelled Hibernation        Hexes/Ice                    2
   c - Confuse                        Hexes                        3
   d - Tukima's Dance                 Hexes                        3
   e - Dazzling Spray                 Conjuration/Hexes            3
Comestibles
 d - 4 bread rations
 i - 2 chunks of flesh


   Skills:
 + Level 4.8 Fighting
 + Level 7.4 Dodging
 - Level 2.4 Stealth
 + Level 9.0 Spellcasting
 * Level 9.9 Conjurations
   Level 1.1(1.0) Summonings
 - Level 1.1(1.0) Translocations
 + Level 6.7 Invocations


You had 16 spell levels left.
You knew the following spells:

 Your Spells              Type           Power        Failure   Level  Hunger
a - Repel Missiles        Chrm/Air       ##....       10%         2    None
c - Conjure Flame         Conj/Fire      #####...     1%          3    None
s - Mephitic Cloud        Conj/Pois/Air  ####....     3%          3    None
x - Blink                 Tloc           N/A          6%          2    None
z - Magic Dart            Conj           ####         1%          1    None


Dungeon Overview and Level Annotations

Branches:
Dungeon (9/15)             Temple (0/1) D:6
   Lair: D:8-11         Orc: D:9-12

Altars:
Cheibriados
Elyvilon
Fedhas
Gozag
Kikubaaqudgha
Makhleb
Nemelex Xobeh
Pakellas
Qazlal
Sif Muna
Trog
Vehumet
Xom
Yredelemnul

Annotations:
D:6 hyperhazel's ghost, novice NaIE
D:9 Grum; Psyche


Innate Abilities, Weirdness & Mutations

Your system is resistant to poisons. (rPois)


Message History

The wolf is engulfed in noxious fumes.
The wolf appears confused.
The wolf closely misses the ice beast.
Grum is engulfed in noxious fumes.
Grum appears confused.
Grum hits the orc priest with a spear!
The wolf is engulfed in noxious fumes.
The wolf appears confused.
The wolf bites the ice beast!
The orc wizard is engulfed in noxious fumes.
The orc wizard appears confused.
The ice beast hits you. The ice beast freezes you!
A scorpion comes into view.
You take 13 damage, and have 23/58 hp.
MASSIVE DAMAGE!!
You now have 19/25 mp.
The wolf is engulfed in noxious fumes.
The wolf appears confused.
Grum is engulfed in noxious fumes.
Grum appears confused.
Grum hits you from afar with a spear!
* * * LOW HITPOINT WARNING * * *
The scorpion moves out of view.
The orc wizard is engulfed in noxious fumes.
The orc wizard appears confused.
The orc priest calls down the wrath of Beogh upon you.
Beogh smites you!
You die... #.PPP.PPPP...P.

.....PPP..P.... .
##.P..PPPP..P..
..####..........P.#
.......#.#....P...#
#...........O.....# ###
#........#§§h§....#
...ho######.o#[o#.#...#
....h§§.....ogY@#.# .#
....h############.. ...
..# . #.# .# ..


You could see Grum (confused), an ice beast, an ogre, a wolf (confused), 2 orc
priests and an orc wizard (confused).

Vanquished Creatures
  A hill giant (D:7)
  Eustachio (D:4)
  A hungry ghost (D:8)
  A hippogriff (D:7)
  A water moccasin (D:8)
  2 black bears (D:8)
  2 sky beasts (D:5)
  2 phantoms
  2 orc warriors
  7 ogres
  3 ice beasts
  2 centaurs
  Blork the orc (D:4)
  5 giant frogs
  A gnoll sergeant (D:8)
  2 scorpions
  5 wights (D:8)
  3 howler monkeys (D:8)
  4 crimson imps
  A giant frog zombie (D:3)
  3 jellies
  2 hounds
  5 orc priests
  10 orc wizards
  2 giant frog skeletons
  2 iguanas
  6 worker ants
  A hound zombie (D:5)
  A hound skeleton (D:8)
  A howler monkey zombie (D:8)
  9 gnolls (D:8)
  A howler monkey skeleton (D:9)
  9 adders
  2 shadow imps (D:8)
  An adder zombie (D:7)
  2 worms (D:4)
  2 adder skeletons
  2 dart slugs
  6 giant geckos
  36 orcs
  2 ball pythons
  6 giant cockroaches
  7 goblins
  8 hobgoblins
  13 jackals
  4 quokkas
  11 bats
  5 giant newts
  A jackal skeleton (D:4)
  5 kobolds
  A quokka skeleton (D:7)
  8 rats
221 creatures vanquished.

Vanquished Creatures (others)
  Menkaure (D:6)
  A giant frog skeleton (D:4)
  A hound skeleton (D:4)
3 creatures vanquished.

Grand Total: 224 creatures vanquished

Notes
Turn   | Place    | Note
--------------------------------------------------------------
     0 | D:1      | namelastname112 the Deep Elf Wizard began the quest for the Orb.
     0 | D:1      | Reached XP level 1. HP: 10/10 MP: 7/7
   193 | D:1      | Reached XP level 2. HP: 5/15 MP: 0/9
   893 | D:1      | Reached XP level 3. HP: 20/20 MP: 3/11
   897 | D:1      | Learned a level 2 spell: Blink
   901 | D:1      | Learned a level 3 spell: Mephitic Cloud
   905 | D:1      | Learned a level 3 spell: Conjure Flame
   908 | D:1      | Learned a level 2 spell: Repel Missiles
   947 | D:1      | Reached skill level 1 in Fighting
  2072 | D:3      | Reached skill level 5 in Spellcasting
  2186 | D:3      | Reached XP level 4. HP: 25/25 MP: 10/13
  2589 | D:3      | Found a basalt altar of Yredelemnul.
  2589 | D:3      | Found a white marble altar of Elyvilon.
  2590 | D:3      | Found a deep blue altar of Sif Muna.
  2605 | D:3      | Found a blossoming altar of Fedhas.
  2608 | D:3      | Became a worshipper of Sif Muna the Loreminder
  3164 | D:4      | Reached XP level 5. HP: 29/29 MP: 8/14
  3183 | D:4      | Noticed Eustachio
  3317 | D:4      | Found a snail-covered altar of Cheibriados.
  3602 | D:4      | Reached skill level 1 in Invocations
  3670 | D:4      | Noticed an ogre
  3682 | D:4      | Noticed Blork the orc
  3687 | D:4      | Killed an ogre
  3954 | D:4      | Killed Eustachio
  3954 | D:4      | Reached XP level 6. HP: 22/35 MP: 1/16
  4184 | D:4      | Found an ancient bone altar of Kikubaaqudgha.
  4235 | D:4      | Killed Blork the orc
  4503 | D:4      | Found a sparkling altar of Nemelex Xobeh.
  4554 | D:4      | Found a radiant altar of Vehumet.
  4661 | D:4      | Wingboner: casual set off with: a curare-tipped needle, a +2 blowgun,
                  | a scroll of teleportation, a +0 spear, a +0 robe, a +0
                  | dagger, a potion of blood
  4661 | D:4      | Wingboner: 1 иголка. Реально издевается.
  4661 | D:4      | namelastname112: лол блять
  4661 | D:4      | namelastname112: будешь очень аккуратно стрелять
  4661 | D:4      | namelastname112: лел
  4663 | D:5      | Entered Level 5 of the Dungeon
  4706 | D:5      | Found a burning altar of Makhleb.
  4733 | D:5      | Reached XP level 7. HP: 40/40 MP: 3/17
  4739 | D:5      | Reached skill level 5 in Conjurations
  4947 | D:5      | Wingboner: Так у них же ещё шанс слома большой.
  4947 | D:5      | Reached * piety under Sif Muna
  4994 | D:5      | Wingboner: Вангую промахнусь и сломается первым выстрелом
  5212 | D:5      | Gained mutation: Your system is resistant to poisons. (rPois) [mutagenic meat]
  5604 | D:4      | Found a sparkling altar of Nemelex Xobeh.
  5617 | D:4      | Wingboner: Помер об змейку, так и не выстрелив, кек.
  5655 | D:6      | Killed Menkaure
  5656 | D:6      | Noticed hyperhazel's ghost (novice NaIE)
  5892 | D:5      | Reached XP level 8. HP: 30/45 MP: 2/19
  6024 | D:6      | Reached skill level 5 in Dodging
  6052 | D:6      | Wingboner: О, годный старт. Три книги. VM, сэндбласт и каменная стрела, бабочки и собака.
  6052 | D:6      | namelastname112: это что за призрак нахуй
  6052 | D:6      | Wingboner: Отморозок.
  6052 | D:6      | Goblin1989: ох лол
  6052 | D:6      | Goblin1989: маг под трогом
  6052 | D:6      | Goblin1989: весело
  6052 | D:6      | Wingboner: Как что-то.
  6052 | D:6      | Wingboner: Нага же.
  6052 | D:6      | Wingboner: Отличный выбор.
  6052 | D:6      | Goblin1989: видимо новичок
  6052 | D:6      | Wingboner: Нет. Умный.
  6052 | D:6      | namelastname112: откуда блять столько резистов
  6052 | D:6      | Wingboner: Обдолбался же.
  6052 | D:6      | Wingboner: Хотя не помню, пишет ли бутылки резиста в морг.
  6052 | D:6      | Goblin1989: хах у него 3 угры, но 1 победа
  6052 | D:6      | namelastname112: http://crawl.xtahua.com/crawl/morgue/hyperhazel/morgue-hyperhazel-20160527-204812.txt
  6052 | D:6      | Goblin1989: бяги
  6870 | D:6      | Found a shimmering altar of Xom.
  6908 | D:6      | Found an oddly glowing altar of Pakellas.
  6910 | D:6      | Found a bloodstained altar of Trog.
  6931 | D:6      | Found a staircase to the Ecumenical Temple.
  7020 | D:7      | Goblin1989: а где посмотреть последнюю версию jettyplay?
  7163 | D:5      | namelastname112: а хер знает
  7163 | D:5      | namelastname112: я через тв смотрю все записи
  7569 | D:7      | Goblin1989: мне кажется он должен немого адекватнее воспринимать записи wingboner
  7608 | D:7      | Found an opulent altar of Gozag.
  7629 | D:7      | Noticed a hill giant
  7637 | D:7      | Goblin1989: это как?
  7686 | D:7      | Wingboner: http://nethack4.org/projects/jettyplay/
  7699 | D:7      | Wingboner: Что-то у меня лиса упала два раза подряд.
  7718 | D:7      | Killed a hill giant
  7718 | D:7      | Reached ** piety under Sif Muna
  7718 | D:7      | Reached skill level 5 in Invocations
  7718 | D:7      | Wingboner: А я как раз память менял.
  7718 | D:7      | Reached XP level 9. HP: 52/52 MP: 16/22
  7750 | D:7      | Wingboner: Надо будет мемтест прогнать.
  8520 | D:7      | Found a stormy altar of Qazlal.
  9240 | D:8      | Found a stormy altar of Qazlal.
  9458 | D:8      | Goblin1989: я вообще лису не понимаю
  9493 | D:8      | Goblin1989: она почему-то грузится минуты 2 у меня
  9720 | D:8      | Goblin1989: я оперой пользую
  9745 | D:8      | Goblin1989: сь
  9873 | D:8      | Goblin1989: которая на самом деле хром
 10043 | D:8      | Reached *** piety under Sif Muna
 10077 | D:8      | Reached XP level 10. HP: 58/58 MP: 3/24
 10918 | D:9      | Noticed Psyche
 11209 | D:9      | Noticed Grum
 11876 | D:9      | Killed from afar by an orc priest

Vault maps used:
D:1:      eino_arrival_tree_alley, serial_forest,
          infiniplex_forest_clump_double, infiniplex_forest_lined_3,
          infiniplex_forest_zigzag_2, infiniplex_forest_zigzag_1,
          infiniplex_forest_corner_2, serial_bayou_pond_d
D:3:      nicolae_overflow_quartered_altars, due_unseen_surprise
D:4:      lemuel_upstairs_altar, fiery_altar_vehumet, kiku_gazebo_garden_becter,
          kennysheep_mini_moat, old_standard_altar, first_bread, wad_orctagon,
          uniq_eustachio, uniq_blork_the_orc
D:5:      makhleb_grotto_becter, grunt_decor_one_mirror
D:6:      nicolae_overflow_hidden_temple, minmay_temple_entry_junction,
          lexackson_kobold_supper, uniq_menkaure
D:7:      basic_altar, nicolae_gozag_cash_rules_everything_around_me
D:8:      grunt_qazlal_sundering
D:9:      okawaru_trees_2, due_lair_maze_entry_diamond, uniq_grum, uniq_maurice,
          uniq_psyche, uniq_gastronok

Skill      XL: |  1  2  3  4  5  6  7  8  9 10 |
---------------+-------------------------------+-----
Conjurations   | 2 3 4 6 7 9 |  9.9
Fighting       | 1 2 3 4 |  4.8
Spellcasting   | 5 6 7 8 9 |  9.0
Dodging        | 3 4 6 7 |  7.4
Invocations    | 1 2 3 5 6 |  6.7
Stealth        | |  2.4
Summonings     | |  1.1
Translocations | |  1.1

Action                   |  1- 3 |  4- 6 |  7- 9 | 10-12 || total
-------------------------+-------+-------+-------+-------++-------
Melee: Dagger            |    28 |    37 |       |       ||    65
       Trident           |       |     4 |    94 |       ||    98
       Mace              |       |     1 |       |       ||     1
       Staff             |       |       |     3 |       ||     3
 Cast: Magic Dart        |   107 |   147 |   479 |   168 ||   901
       Repel Missiles    |     1 |       |     2 |       ||     3
       Blink             |       |     2 |     9 |     6 ||    17
       Conjure Flame     |       |     1 |    15 |     5 ||    21
       Mephitic Cloud    |       |    12 |    32 |    21 ||    65
Invok: Channel Energy    |       |       |    40 |    16 ||    56
  Use: Scroll            |       |     3 |       |    14 ||    17
       Potion            |       |       |     2 |       ||     2
 Stab: Confused          |       |     6 |     1 |       ||     7
  Eat: Chunk             |     3 |     5 |    11 |     2 ||    21
       Meat ration       |       |     1 |     2 |       ||     3
       Pizza             |       |       |     1 |     1 ||     2
       Bread ration      |       |       |       |     1 ||     1
Armor: Robe              |    15 |     1 |    26 |    14 ||    56
Dodge: Dodged            |    44 |    45 |   139 |    56 ||   284
       Deflected         |       |     1 |     2 |       ||     3
